 Dungeon Crawl Stone Soup version 0.24-a0-584-g9d6b971 (webtiles) character file.

Game seed: 2596136152597152048, levelgen mode: deterministic

383 BeowulfAlex the Charmwright (level 6, -2/51 HPs)
             Began as a Gnoll Skald on Sept 2, 2019.
             Killed from afar by an orc wizard (10 damage)
             ... with a magic dart
             ... on level 4 of the Dungeon.
             The game lasted 00:06:17 (2544 turns).

BeowulfAlex the Charmwright (Gnoll Skald)           Turns: 2544, Time: 00:06:21

Health: -2/51      AC:  3    Str: 15    XL:     6   Next: 76%
Magic:  4/14       EV: 15    Int: 15    God:
Gold:   228        SH:  0    Dex: 15    Spells: 8/15 levels left

rFire    . . .     SeeInvis .   g - +1 dagger (speed)
rCold    . . .     Gourm    .   (no shield)
rNeg     . . .     Faith    .   t - +1 robe {MR+}
rPois    .         Spirit   .   (no helmet)
rElec    .         Reflect  .   (no cloak)
rCorr    .         Harm     .   (no gloves)
MR       +....                  (no boots)
Stlth    ++........             (no amulet)
HPRegen  0.17/turn              (no ring)
MPRegen  0.14/turn              (no ring)

@: lethally poisoned (-2 -> -3), very slightly contaminated
A: distributed training, fangs 1, strong nose
a: no special abilities


You were on level 4 of the Dungeon.
You were not hungry.

You visited 1 branch of the dungeon, and saw 4 of its levels.

You collected 228 gold pieces.

Inventory:

Hand Weapons
 g - a +1 dagger of speed (weapon)
Missiles
 f - 115 stones (quivered)
 w - 2 boomerangs
Armour
 b - a +0 leather armour
 t - a +1 robe of magic resistance (worn)
Jewellery
 j - an uncursed ring of fire
Wands
 a - a wand of digging (3)
Scrolls
 c - a scroll of enchant armour {unknown}
 e - 4 scrolls of identify {unknown}
 h - 2 scrolls of fog {unknown}
 k - a scroll of teleportation {unknown}
 l - a scroll of blinking {unknown}
 m - a scroll of amnesia {unknown}
 p - a scroll of random uselessness {unknown}
 q - 3 scrolls of remove curse {unknown}
 v - 2 scrolls of fear {unknown}
Potions
 i - 3 potions of agility {unknown}
 n - a potion of haste {unknown}
 o - a potion of magic {unknown}
 r - a potion of brilliance {unknown}
 u - 2 potions of mutation {unknown}
Comestibles
 d - 9 rations
 s - 3 chunks of flesh


   Skills:
 + Level 5.0 Fighting
 + Level 2.0 Short Blades
 + Level 5.0 Long Blades
 + Level 2.0 Axes
 + Level 2.0 Maces & Flails
 + Level 2.0 Polearms
 + Level 2.0 Staves
 + Level 2.0 Slings
 + Level 2.0 Bows
 + Level 2.0 Crossbows
 + Level 2.0 Throwing
 + Level 3.3 Armour
 + Level 5.0 Dodging
 + Level 2.0 Stealth
 + Level 2.0 Shields
 + Level 2.0 Unarmed Combat
 + Level 5.4 Spellcasting
 + Level 1.6 Conjurations
 + Level 1.6 Hexes
 + Level 5.7 Charms
 + Level 1.6 Summonings
 + Level 1.6 Necromancy
 + Level 1.6 Translocations
 + Level 1.6 Transmutations
 + Level 1.6 Fire Magic
 + Level 1.6 Ice Magic
 + Level 1.6 Air Magic
 + Level 1.6 Earth Magic
 + Level 1.6 Poison Magic
 + Level 2.2 Invocations
 + Level 2.0 Evocations


You had 8 spell levels left.
You knew the following spells:

 Your Spells              Type           Power        Failure   Level  Hunger
a - Infusion              Chrm           ###.         1%          1    None
b - Regeneration          Chrm/Necr      ###.......   11%         3    ###....
c - Spectral Weapon       Hex/Chrm       ###.....     11%         3    ###....

Your spell library contained the following spells:

 Spells                   Type           Power        Failure   Level  Hunger
 Song of Slaying          Chrm           ###.....     2%          2    #......
 Shroud of Golubria       Chrm/Tloc      ###...       5%          2    #......


Dungeon Overview and Level Annotations

Branches:
Dungeon (4/15)
 Temple: D:4-7

Altars:
Yredelemnul
Zin

Annotations:
D:2 1 runed translucent door


Innate Abilities, Weirdness & Mutations

Your experience applies equally to all skills.
You have very sharp teeth.
Your uncanny sense of smell can sniff out nearby items.


Message History

You closely miss something. Your bite misses something.
Your spectral weapon fades away.
Something barely misses you.
You hit something but do no damage.
You feel sick. Something hits you.
* * * LOW HITPOINT WARNING * * *
You hit something but do no damage. Something hits you.
* * * LOW HITPOINT WARNING * * *
You barely miss something. Something hits you.
* * * LOW HITPOINT WARNING * * *
The orc hits you but does no damage.
Things that are here:
a +0 falchion; a +0 chain mail; an orc corpse You hit the orc.
The orc is moderately wounded.
The orc misses you.
You hear some strange, mumbled words.
A magic dart appears from out of thin air!
The magic dart hits you!
You die...

################
........@o......
######.#########
........).......#
#######....####.#
####.# # ####.# #
#....# #
####.###### #
#.........#


You could see an orc.

Vanquished Creatures
  An ogre (D:4)
  A bullfrog (D:3)
  An orc priest (D:3)
  2 worker ants
  5 adders
  A gnoll (D:1)
  An ooze (D:2)
  3 worms
  3 dart slugs (D:1)
  3 leopard geckos
  7 orcs
  2 ball pythons (D:1)
  8 bats
  6 giant cockroaches
  5 goblins
  6 hobgoblins
  3 jackals (D:3)
  A quokka (D:3)
  5 frilled lizards
  A jackal skeleton (D:2)
  6 kobolds
  8 rats
79 creatures vanquished.

Vanquished Creatures (others)
  A spectral weapon (D:3)
1 creature vanquished.

Grand Total: 80 creatures vanquished

Notes
Turn   | Place    | Note
-------+----------+-------------------------------------------
     0 | D:1      | BeowulfAlex the Gnoll Skald began the quest for the Orb.
     0 | D:1      | Reached XP level 1. HP: 20/20 MP: 6/6
    51 | D:1      | Reached XP level 2. HP: 23/26 MP: 3/7
   143 | D:1      | Reached skill level 5 in Spellcasting
   143 | D:1      | Reached XP level 3. HP: 27/31 MP: 0/9
   267 | D:1      | Reached skill level 1 in Invocations
   624 | D:2      | Reached skill level 1 in Short Blades
   624 | D:2      | Reached skill level 1 in Axes
   624 | D:2      | Reached skill level 1 in Maces & Flails
   624 | D:2      | Reached skill level 1 in Polearms
   624 | D:2      | Reached skill level 1 in Staves
   624 | D:2      | Reached skill level 1 in Slings
   624 | D:2      | Reached skill level 1 in Bows
   624 | D:2      | Reached skill level 1 in Crossbows
   624 | D:2      | Reached skill level 1 in Throwing
   624 | D:2      | Reached skill level 1 in Stealth
   624 | D:2      | Reached skill level 1 in Shields
   624 | D:2      | Reached skill level 1 in Unarmed Combat
   624 | D:2      | Reached skill level 1 in Evocations
   732 | D:2      | Reached XP level 4. HP: 36/38 MP: 6/11
   740 | D:2      | Learned a level 3 spell: Regeneration
   744 | D:2      | Learned a level 3 spell: Spectral Weapon
   977 | D:2      | Reached skill level 1 in Conjurations
   977 | D:2      | Reached skill level 1 in Hexes
   977 | D:2      | Reached skill level 1 in Summonings
   977 | D:2      | Reached skill level 1 in Necromancy
   977 | D:2      | Reached skill level 1 in Translocations
   977 | D:2      | Reached skill level 1 in Transmutations
   977 | D:2      | Reached skill level 1 in Fire Magic
   977 | D:2      | Reached skill level 1 in Ice Magic
   977 | D:2      | Reached skill level 1 in Air Magic
   977 | D:2      | Reached skill level 1 in Earth Magic
   977 | D:2      | Reached skill level 1 in Poison Magic
  1158 | D:2      | Found a runed translucent door.
  1158 | D:2      | Noticed a human
  1164 | D:2      | Found a basalt altar of Yredelemnul.
  1174 | D:2      | Reached XP level 5. HP: 39/43 MP: 6/12
  1818 | D:3      | Found a glowing silver altar of Zin.
  2105 | D:3      | Reached XP level 6. HP: 19/50 MP: 1/13
  2229 | D:3      | Found a faded altar of an unknown god.
  2448 | D:4      | Reached skill level 5 in Fighting
  2448 | D:4      | Reached skill level 5 in Long Blades
  2448 | D:4      | Reached skill level 5 in Dodging
  2544 | D:4      | Killed from afar by an orc wizard

Levels and vault maps discovered:
D:1:      wander_arrival_estate, layout_basic, minmay_ruptured
D:2:      layout_basic, st_stairs_11, dk_yredelemnul_ordeal
D:3:      layout_loops_cross, zin_academy, chequers_ecumenical_altar_simple
D:4:      layout_basic, grunt_dithmenos_smoke_and_mirrors, first_ration,
          nicolae_qazlal_eye_of_the_storm

Skill      XL: |  1  2  3  4  5  6 |
---------------+-------------------+-----
Spellcasting   | 5 |  5.4
Invocations    | 1 2 |  2.2
Short Blades   | 1 2 |  2.0
Axes           | 1 2 |  2.0
Maces & Flails | 1 2 |  2.0
Polearms       | 1 2 |  2.0
Staves         | 1 2 |  2.0
Slings         | 1 2 |  2.0
Bows           | 1 2 |  2.0
Crossbows      | 1 2 |  2.0
Throwing       | 1 2 |  2.0
Stealth        | 1 2 |  2.0
Shields        | 1 2 |  2.0
Unarmed Combat | 1 2 |  2.0
Evocations     | 1 2 |  2.0
Conjurations   | 1 |  1.6
Hexes          | 1 |  1.6
Summonings     | 1 |  1.6
Necromancy     | 1 |  1.6
Translocations | 1 |  1.6
Transmutations | 1 |  1.6
Fire Magic     | 1 |  1.6
Ice Magic      | 1 |  1.6
Air Magic      | 1 |  1.6
Earth Magic    | 1 |  1.6
Poison Magic   | 1 |  1.6
Armour         | 3 |  3.3
Fighting       | 5 |  5.0
Long Blades    | 5 |  5.0
Dodging        | 5 |  5.0
Charms         | |  5.7

Action                   |  1- 3 |  4- 6 || total
-------------------------+-------+-------++-------
Melee: Falchion          |    19 |       ||    19
       Bite              |    16 |    26 ||    42
       Dagger            |    90 |   238 ||   328
       Punch             |     1 |       ||     1
Throw: Stone             |       |     6 ||     6
 Cast: Infusion          |     5 |     2 ||     7
       Spectral Weapon   |       |    10 ||    10
       Regeneration      |       |     5 ||     5
 Stab: Sleeping          |     2 |     2 ||     4
  Eat: Chunk             |       |     7 ||     7
Armor: Leather armour    |    17 |    15 ||    32
       Robe              |       |    15 ||    15
Dodge: Dodged            |    60 |   127 ||   187
       Rpst.: Falchion   |     8 |       ||     8

Table legend:
 A = Non-vault XP
 B = Vault XP
 C = Vault XP percentage of total XP
 D = Non-vault monster count
 E = Vault monster count
 F = Vault count percentage of total count
                 A         B        C        D         E       F
            +---------+---------+-------+---------+---------+-------
      Total |     499 |      49 |   8.9 |      72 |       7 |   8.9
            +---------+---------+-------+---------+---------+-------
        D:1 |      65 |       6 |   8.5 |      28 |       2 |   6.7
        D:2 |      54 |      43 |  44.3 |      18 |       5 |  21.7
        D:3 |     179 |       0 |   0.0 |      17 |       0 |   0.0
        D:4 |     201 |       0 |   0.0 |       9 |       0 |   0.0
            +---------+---------+-------+---------+---------+-------
